[Event "Titled Tuesday Blitz August 15 Early 2023"]
[White "Firouzja, Alireza"]
[Black "Le, Tuan Minh"]
[WhiteFideId "12573981"]
[BlackFideId "12401153"]
[WhiteElo "3098"]
[BlackElo "2994"]
[Result "1-0"]
[Round "5"]
[TimeControl "180+1"]
[Date "2023.08.15"]
[WhiteClock "0:01:54"]
[BlackClock "0:00:23"]
[Board "2"]

1. e4 e5 2. Nf3 Nc6 3. Bb5 a6 4. Ba4 Bc5 5. O-O Nge7 6. c3 Ng6 7. d4 Ba7 8. Be3 O-O 9. Re1 d6 10. Nbd2 Bd7 11. h3 h6 12. a3 Re8 13. Bc2 a5 14. Nf1 Qe7 15. Ng3 Qf8 16. Ba4 Red8 17. Rc1 Kh7 18. Bb3 Nce7 19. h4 Be6 20. h5 Nh8 21. Bxe6 fxe6 22. Qb3 Qf6 23. Qxb7 Nf7 24. dxe5 dxe5 25. Bxa7 Nd6 26. Qxc7 Nb5 27. Qxe5 Nxa7 28. Qxf6 gxf6 29. Nd4 1-0


[Site "https://www.chess.com"]

[Event "Titled Tuesday Blitz August 15 Early 2023"]
[White "Sarana, Alexey"]
[Black "Makarian, Rudik"]
[WhiteFideId "24133795"]
[BlackFideId "44105681"]
[WhiteElo "3095"]
[BlackElo "2964"]
[Result "0-1"]
[Round "5"]
[TimeControl "180+1"]
[Date "2023.08.15"]
[WhiteClock "0:00:04"]
[BlackClock "0:00:12"]
[Board "3"]

1. d4 Nf6 2. c4 e6 3. Nc3 d5 4. cxd5 exd5 5. Nf3 c6 6. Bf4 Bd6 7. Bxd6 Qxd6 8. e3 O-O 9. Bd3 Bg4 10. h3 Bxf3 11. Qxf3 Nbd7 12. O-O a5 13. a3 Rfe8 14. Rfc1 Nb6 15. Rc2 g6 16. Re1 Kg7 17. g4 h6 18. Kg2 Re7 19. Qg3 Qd7 20. Qf4 Rae8 21. Rce2 Re6 22. h4 Ne4 23. g5 hxg5 24. hxg5 Rh8 25. Rh1 Rxh1 26. Kxh1 Nxc3 27. bxc3 Re8 28. Kg2 Rh8 29. Qe5+ Kg8 30. Qg3 Nc8 31. e4 Ne7 32. f3 Rh5 33. Re1 c5 34. exd5 Nf5 35. Qf4 Qxd5 36. Re8+ Kg7 37. Bxf5 gxf5 38. Kg3 cxd4 39. cxd4 Kg6 40. Rg8+ Kh7 41. Re8 Kg6 42. Rg8+ Kh7 43. Qb8 f4+ 44. Kg4 Qd7+ 45. Kxf4 Qxd4+ 46. Kf5 Qd5+ 47. Kg4 Qd7+ 48. Kf4 Rh4+ 49. Kg3 Qh3+ 50. Kf2 Qh2+ 51. Qxh2 Rxh2+ 52. Kg3 Kxg8 53. Kxh2 b5 54. Kg3 b4 55. axb4 axb4 56. Kf2 b3 57. Ke2 b2 0-1


[Site "https://www.chess.com"]

[Event "Titled Tuesday Blitz August 15 Early 2023"]
[White "Terry, Renato"]
[Black "Bortnyk, Olexandr"]
[WhiteFideId "3803457"]
[BlackFideId "14120828"]
[WhiteElo "2932"]
[BlackElo "3088"]
[Result "0-1"]
[Round "5"]
[TimeControl "180+1"]
[Date "2023.08.15"]
[WhiteClock "0:00:03"]
[BlackClock "0:00:31"]
[Board "4"]

1. d4 d6 2. Nf3 Nf6 3. Bg5 Nbd7 4. Nbd2 e5 5. e4 Be7 6. c3 O-O 7. Bd3 b6 8. O-O Bb7 9. Re1 Re8 10. a4 a5 11. Qc2 Nh5 12. Be3 h6 13. Bc4 Nhf6 14. h3 exd4 15. cxd4 d5 16. exd5 Bxd5 17. Bb5 c6 18. Bd3 Bb4 19. Red1 Qc7 20. Rac1 Re7 21. Bc4 Re6 22. Qf5 Qd6 23. Bd3 Rae8 24. Nc4 Qe7 25. Nce5 Bxf3 26. Nxf3 Rxe3 27. fxe3 Qxe3+ 28. Kh1 g6 0-1


[Site "https://www.chess.com"]

[Event "Titled Tuesday Blitz August 15 Early 2023"]
[White "Kovalenko, Igor"]
[Black "Dubov, Daniil"]
[WhiteFideId "14117908"]
[BlackFideId "24126055"]
[WhiteElo "2931"]
[BlackElo "3077"]
[Result "1-0"]
[Round "5"]
[TimeControl "180+1"]
[Date "2023.08.15"]
[WhiteClock "0:00:11"]
[BlackClock "0:00:00"]
[Board "5"]

1. c4 e6 2. Nc3 d5 3. d4 Nf6 4. Bg5 Be7 5. Nf3 h6 6. Bh4 O-O 7. e3 b6 8. Rc1 Bb7 9. Bxf6 Bxf6 10. cxd5 exd5 11. b4 c6 12. Bd3 Na6 13. b5 Nb4 14. Bb1 cxb5 15. a3 Nc6 16. Qd3 g6 17. Qxb5 Na5 18. O-O Nc4 19. Qb3 Qd7 20. Bd3 Rfc8 21. a4 Bg7 22. Rc2 Rc7 23. Rfc1 Rac8 24. h3 Na5 25. Qa2 Bf8 26. Nb5 Rxc2 27. Rxc2 Rxc2 28. Qxc2 a6 29. Nc3 Nc4 30. Nxd5 Bxd5 31. Bxc4 Qc7 32. Ne5 Bd6 33. Qb3 Bxc4 34. Nxc4 Be7 35. g3 Bd8 36. h4 Qc6 37. Ne5 Qc7 38. Nxg6 b5 39. axb5 axb5 40. Ne5 Qb7 41. d5 Be7 42. Nc6 Bd6 43. e4 Qb6 44. e5 Bc5 45. Kh2 Bxf2 46. Ne7+ Kf8 47. Nf5 Qc5 48. Qf3 Bd4 49. Nxh6 Qc2+ 50. Kh3 Qg6 51. Ng4 b4 52. d6 Qe6 53. Qa8+ Kg7 54. Qe4 Bc3 55. h5 b3 56. h6+ Kh8 57. Qa8+ Kh7 58. Qe4+ Kh8 59. Kh4 b2 60. Nf6 b1=Q 61. Qxb1 Qxf6+ 62. exf6 Bxf6+ 63. Kh3 1-0


[Site "https://www.chess.com"]

[Event "Titled Tuesday Blitz August 15 Early 2023"]
[White "Drygalov, Andrey"]
[Black "Aronian, Levon"]
[WhiteFideId "24171735"]
[BlackFideId "13300474"]
[WhiteElo "2929"]
[BlackElo "3037"]
[Result "0-1"]
[Round "5"]
[TimeControl "180+1"]
[Date "2023.08.15"]
[WhiteClock "0:00:00"]
[BlackClock "0:00:02"]
[Board "6"]

1. e4 c5 2. Nf3 e6 3. d4 cxd4 4. Nxd4 Nc6 5. Nc3 Qc7 6. g3 a6 7. Bg2 Nf6 8. O-O Nxd4 9. Qxd4 Bc5 10. Bf4 d6 11. Qd2 h6 12. Rad1 e5 13. Be3 Bxe3 14. fxe3 Be6 15. Qxd6 Rc8 16. Qxc7 Rxc7 17. a4 h5 18. h3 Nd7 19. Nd5 Rxc2 20. Rc1 Rxc1 21. Rxc1 Kd8 22. a5 Nb8 23. Bf1 Rh6 24. b4 Bd7 25. Rb1 Rd6 26. h4 Be6 27. b5 Nd7 28. bxa6 bxa6 29. Bc4 Nc5 30. Rb8+ Kd7 31. Ra8 Nxe4 32. Nb6+ Kc6 33. Bxe6 Rxe6 34. Ra7 Nd6 35. Rxa6 Kb7 36. Ra8 Rg6 37. Kh2 Ne4 38. Rf8 Rf6 39. Nd7 Rf5 40. Kh3 g6 41. g4 Nf2+ 42. Kg3 Nxg4 43. e4 Rf1 44. Kg2 Rf4 45. Kg3 f6 0-1


[Site "https://www.chess.com"]

[Event "Titled Tuesday Blitz August 15 Early 2023"]
[White "Deac, Bogdan-Daniel"]
[Black "Durarbayli, Vasif"]
[WhiteFideId "1226380"]
[BlackFideId "13402935"]
[WhiteElo "3027"]
[BlackElo "2866"]
[Result "0-1"]
[Round "5"]
[TimeControl "180+1"]
[Date "2023.08.15"]
[WhiteClock "0:00:00"]
[BlackClock "0:00:03"]
[Board "7"]

1. e4 c5 2. Nf3 d6 3. Bb5+ Bd7 4. c4 e5 5. Nc3 Be7 6. a3 Nf6 7. d3 O-O 8. Bg5 Ne8 9. Bxe7 Qxe7 10. b4 Bxb5 11. Nxb5 Nc6 12. Nc3 b6 13. b5 Nd8 14. a4 Nc7 15. a5 Nde6 16. O-O Qd7 17. Ra3 Rab8 18. axb6 axb6 19. Qd2 f5 20. Ng5 Nf4 21. g3 h6 22. Nf3 Nh3+ 23. Kg2 Ne6 24. Nd5 f4 25. Qd1 Neg5 26. Nxg5 Nxg5 27. Qh5 f3+ 28. Kh1 Kh7 29. g4 Ne6 30. Qh4 Nf4 31. g5 Nxd5 32. exd5 Rf4 33. Qg3 h5 34. g6+ Kh6 35. Rg1 Qf5 36. h4 Rg4 37. Qh2 Qxg6 38. Rxg4 Qxg4 39. Qg3 Qf5 40. Kh2 Rf8 41. Ra7 Rf7 42. Ra8 Kh7 43. Ra6 Qxd3 44. Rxb6 Rf4 45. Rxd6 Rg4 46. Qh3 Qe2 0-1


[Site "https://www.chess.com"]

[Event "Titled Tuesday Blitz August 15 Early 2023"]
[White "Shimanov, Aleksandr"]
[Black "Flores, Diego"]
[WhiteFideId "4198603"]
[BlackFideId "108049"]
[WhiteElo "3022"]
[BlackElo "2809"]
[Result "1-0"]
[Round "5"]
[TimeControl "180+1"]
[Date "2023.08.15"]
[WhiteClock "0:01:31"]
[BlackClock "0:00:05"]
[Board "8"]

1. d4 d6 2. Nf3 Bg4 3. e4 Nf6 4. Nc3 e6 5. h3 Bh5 6. g4 Bg6 7. Qe2 d5 8. exd5 Nxd5 9. Nxd5 Qxd5 10. Bg2 Nc6 11. c3 Qe4 12. Be3 Qd3 13. Nh4 Qxe2+ 14. Kxe2 O-O-O 15. f4 Be7 16. Nxg6 hxg6 17. b4 Bd6 18. Rab1 Ne7 19. c4 c6 20. a4 Bc7 21. Rhc1 Bb6 22. Rd1 Rd7 23. a5 Bc7 24. b5 Bxa5 25. Ra1 Bb6 26. c5 Bc7 27. Rxa7 Bb8 28. Ra8 cxb5 29. Rb1 Nc6 30. Rxb5 Kc7 31. Rb6 Rc8 32. Bxc6 bxc6 33. f5 1-0


[Site "https://www.chess.com"]

[Event "Titled Tuesday Blitz August 15 Early 2023"]
[White "Materia, Marco"]
[Black "Korobov, Anton"]
[WhiteFideId "45150451"]
[BlackFideId "14105730"]
[WhiteElo "2784"]
[BlackElo "3019"]
[Result "0-1"]
[Round "5"]
[TimeControl "180+1"]
[Date "2023.08.15"]
[WhiteClock "0:00:10"]
[BlackClock "0:00:17"]
[Board "9"]

1. d4 Nf6 2. c4 e6 3. Nf3 d5 4. Nc3 c6 5. Bg5 h6 6. Bxf6 Qxf6 7. e3 Nd7 8. Bd3 g6 9. O-O dxc4 10. Bxc4 Bg7 11. e4 e5 12. d5 Nb6 13. Bb3 O-O 14. Rc1 h5 15. Qe2 Bh6 16. Rcd1 Kg7 17. Rfe1 Bd7 18. a3 Rac8 19. Nd2 cxd5 20. exd5 Rfe8 21. Nde4 Qe7 22. d6 Qf8 23. Nd5 Nxd5 24. Bxd5 b6 25. Qa6 Red8 26. Qxa7 Bf5 27. Qxb6 Rb8 28. Qc7 Rxb2 29. Qc3 Rbb8 30. Qxe5+ f6 31. Qe7+ Kh8 32. Nxf6 Bg7 33. Ne4 Rd7 34. Qxf8+ Bxf8 35. Bc6 Rdd8 36. d7 Bxa3 37. Ng5 Kg7 38. Re8 Bc5 39. Rxd8 Rxd8 40. h3 Bb6 41. Nf3 Kf6 42. Nh4 Be6 43. Ba4 g5 44. Nf3 g4 45. hxg4 hxg4 46. Nh2 g3 47. Nf3 Bxf2+ 0-1


[Site "https://www.chess.com"]

[Event "Titled Tuesday Blitz August 15 Early 2023"]
[White "Volkov, Maksim"]
[Black "Martinez Alcantara, Jose Eduardo"]
[WhiteFideId "54123070"]
[BlackFideId "3805662"]
[WhiteElo "2753"]
[BlackElo "3015"]
[Result "0-1"]
[Round "5"]
[TimeControl "180+1"]
[Date "2023.08.15"]
[WhiteClock "0:00:00"]
[BlackClock "0:00:24"]
[Board "10"]

1. d4 Nf6 2. c4 e6 3. g3 Bb4+ 4. Bd2 c5 5. Bg2 O-O 6. Nf3 Nc6 7. O-O d6 8. a3 Bxd2 9. Qxd2 Qe7 10. Nc3 h6 11. Rad1 Na5 12. dxc5 dxc5 13. Ne5 Qc7 14. Qd6 Qxd6 15. Rxd6 Ne8 16. Rd8 Nc7 17. Rxf8+ Kxf8 18. b4 Nb3 19. Rd1 f6 20. Ng6+ Ke8 21. Ne4 Kf7 22. Nf4 Ke7 23. Nd6 f5 24. Nxc8+ Rxc8 25. Bxb7 Rb8 26. Bc6 Nd4 27. Bg2 g5 28. Nd3 Nxe2+ 29. Kf1 Nc3 30. Rc1 Na4 31. Bc6 Rd8 32. Ke2 Nb6 33. Nxc5 Rd4 34. Bb5 e5 35. Nb3 Rd8 36. Bc6 Ne6 37. c5 Nc8 38. Rd1 Rf8 39. Rd7+ Kf6 40. Bd5 e4 41. b5 Ke5 42. Bxe6 Kxe6 43. Rd2 f4 44. a4 Ke5 45. a5 Ne7 46. g4 Nd5 47. Rc2 f3+ 48. Ke1 Rd8 49. c6 Nf4 50. c7 Ng2+ 0-1


[Site "https://www.chess.com"]

[Event "Titled Tuesday Blitz August 15 Early 2023"]
[White "Bluebaum, Matthias"]
[Black "Gubajdullin, Alexei"]
[WhiteFideId "24651516"]
[BlackFideId "4141202"]
[WhiteElo "3015"]
[BlackElo "2711"]
[Result "1-0"]
[Round "5"]
[TimeControl "180+1"]
[Date "2023.08.15"]
[WhiteClock "0:02:24"]
[BlackClock "0:00:11"]
[Board "11"]

1. d4 g6 2. c4 Bg7 3. e4 d6 4. Nc3 Nf6 5. Nf3 O-O 6. Be2 Na6 7. O-O e5 8. Be3 c6 9. d5 Ng4 10. Bg5 f6 11. Bh4 c5 12. Ne1 h5 13. h3 Nh6 14. a3 Nf7 15. Nd3 Bh6 16. Bxh5 gxh5 17. f4 exf4 18. Nxf4 Bg5 19. Qxh5 Ne5 20. Bxg5 fxg5 21. Ng6 Nxg6 22. Qxg6+ Kh8 23. Qh6+ Kg8 24. Qg6+ Kh8 25. Rxf8+ Qxf8 26. Rf1 Qg7 27. Qe8+ Qg8 28. Rf8 Qxf8 29. Qxf8+ Kh7 30. Qxd6 b6 31. Qe7+ Kg6 32. Nb5 g4 33. h4 g3 34. Nd6 b5 35. cxb5 1-0


[Site "https://www.chess.com"]

[Event "Titled Tuesday Blitz August 15 Early 2023"]
[White "Tabatabaei, M. Amin"]
[Black "Kashefi, Amir Hosein"]
[WhiteFideId "12521213"]
[BlackFideId "12557935"]
[WhiteElo "3008"]
[BlackElo "2522"]
[Result "1-0"]
[Round "5"]
[TimeControl "180+1"]
[Date "2023.08.15"]
[WhiteClock "0:00:40"]
[BlackClock "0:00:04"]
[Board "12"]

1. d4 d5 2. Nf3 Nf6 3. Bf4 c6 4. e3 Bg4 5. c4 Bxf3 6. Qxf3 e6 7. Nc3 Nbd7 8. a3 Be7 9. Bd3 O-O 10. O-O Re8 11. h3 Nf8 12. b4 Ng6 13. Bg3 Bd6 14. Rfd1 Qc7 15. Bxd6 Qxd6 16. Rac1 Rad8 17. Qe2 a5 18. Qb2 axb4 19. axb4 Ra8 20. c5 Qc7 21. b5 e5 22. b6 Qe7 23. Ra1 Rab8 24. Ra7 exd4 25. exd4 Nf4 26. Qd2 Nxd3 27. Qxd3 Qd7 28. Ne2 g6 29. Nc1 Re7 30. Qf3 Ne4 31. Nb3 Rbe8 32. Na5 Qc8 33. Qf4 Nc3 34. Rd2 Re2 35. Rxb7 Re1+ 36. Kh2 Ra1 37. Qxf7+ 1-0


[Site "https://www.chess.com"]

[Event "Titled Tuesday Blitz August 15 Early 2023"]
[White "Naroditsky, Daniel"]
[Black "Kamsky, Gata"]
[WhiteFideId "2026961"]
[BlackFideId "2000024"]
[WhiteElo "3189"]
[BlackElo "2925"]
[Result "1/2-1/2"]
[Round "5"]
[TimeControl "180+1"]
[Date "2023.08.15"]
[WhiteClock "0:00:38"]
[BlackClock "0:01:07"]
[Board "13"]

1. d4 d5 2. Nc3 Nf6 3. Bf4 c6 4. e3 g6 5. h4 h5 6. Nf3 Bg4 7. Qd2 Bxf3 8. gxf3 e6 9. e4 a6 10. Bd3 Nbd7 11. Rg1 Qb6 12. O-O-O O-O-O 13. Ne2 Be7 14. Bg3 Bf8 15. Kb1 Bh6 16. Qc3 Bf8 17. a3 Ne8 18. Nf4 Nc7 19. Ne2 Ne8 20. Nf4 Nc7 21. Ne2 Ne8 1/2-1/2


[Site "https://www.chess.com"]

[Event "Titled Tuesday Blitz August 15 Early 2023"]
[White "Fedoseev, Vladimir"]
[Black "Bersamina, Paulo"]
[WhiteFideId "24130737"]
[BlackFideId "5206995"]
[WhiteElo "3103"]
[BlackElo "2757"]
[Result "1-0"]
[Round "5"]
[TimeControl "180+1"]
[Date "2023.08.15"]
[WhiteClock "0:01:11"]
[BlackClock "0:00:00"]
[Board "14"]

1. Nf3 Nf6 2. g3 g6 3. Bg2 Bg7 4. O-O O-O 5. c4 d6 6. d4 c6 7. b4 a5 8. b5 cxb5 9. cxb5 a4 10. Nc3 Qa5 11. Bd2 Nbd7 12. Rc1 a3 13. e4 Qd8 14. Qb3 Nb6 15. h3 Be6 16. d5 Bc8 17. Be3 Nfd7 18. Rfd1 Ne5 19. Nxe5 Bxe5 20. Ne2 Bb2 21. Rc2 Na4 22. b6 Bd7 23. Rc7 Nc5 24. Bxc5 Ba4 25. Qd3 Bxd1 26. Be3 Bxe2 27. Qxe2 Rb8 28. h4 Qe8 29. Bh3 Bf6 30. Bd7 Qd8 31. Qb5 h5 32. Kg2 Kg7 33. f4 Rg8 34. Kf3 Kh7 35. Bf2 Bg7 36. Bh3 Rf8 37. Be1 Bb2 38. Bb4 Kg8 39. e5 dxe5 40. Bxe7 Qe8 41. Qb4 exf4 42. Bd7 Bc3 43. Qd6 1-0


[Site "https://www.chess.com"]

[Event "Titled Tuesday Blitz August 15 Early 2023"]
[White "Chigaev, Maksim"]
[Black "Hoang, Thi Bao Tram"]
[WhiteFideId "4108116"]
[BlackFideId "12401102"]
[WhiteElo "2946"]
[BlackElo "2677"]
[Result "1-0"]
[Round "5"]
[TimeControl "180+1"]
[Date "2023.08.15"]
[WhiteClock "0:00:53"]
[BlackClock "0:00:17"]
[Board "15"]

1. e4 c6 2. Nf3 d5 3. d3 Bg4 4. h3 Bxf3 5. Qxf3 e6 6. g3 Nf6 7. Bg2 Nbd7 8. O-O Bd6 9. Nd2 O-O 10. Qe2 e5 11. Nf3 Re8 12. Nh4 Bc5 13. Nf5 Nf8 14. Kh2 Ne6 15. c3 Qc7 16. Bd2 Rad8 17. Rad1 Qb6 18. Bc1 Qa6 19. b4 Bb6 20. Qc2 dxe4 21. dxe4 Bc7 22. Rfe1 g6 23. Nh4 Kg7 24. a4 b5 25. a5 c5 26. Be3 Qc6 27. Nf5+ Kg8 28. Qb1 a6 29. Rxd8 Rxd8 30. Ne7+ 1-0


[Site "https://www.chess.com"]

[Event "Titled Tuesday Blitz August 15 Early 2023"]
[White "Stribuk, Artiom"]
[Black "Nihal Sarin"]
[WhiteFideId "13515659"]
[BlackFideId "25092340"]
[WhiteElo "2746"]
[BlackElo "3136"]
[Result "0-1"]
[Round "5"]
[TimeControl "180+1"]
[Date "2023.08.15"]
[WhiteClock "0:00:01"]
[BlackClock "0:00:24"]
[Board "16"]

1. d4 Nf6 2. c4 a6 3. Nc3 c5 4. dxc5 e6 5. Nf3 Bxc5 6. Bg5 O-O 7. e3 h6 8. Bh4 b6 9. Be2 Bb7 10. O-O Be7 11. Qd2 d6 12. Rfd1 Nbd7 13. Bg3 Ne8 14. Rac1 Rc8 15. Nd4 Ndf6 16. h3 Nd7 17. b3 Nef6 18. Qb2 Nc5 19. Bh4 Nfe4 20. Bxe7 Qxe7 21. Bf3 Rfd8 22. b4 Nxc3 23. Qxc3 Bxf3 24. Nxf3 Ne4 25. Qd4 Qb7 26. a3 Nf6 27. Qf4 Qc6 28. Nd4 Qa4 29. Nf3 Qxa3 30. Rb1 e5 31. Qh4 Qc3 32. Rdc1 Qd3 33. c5 bxc5 34. bxc5 Rxc5 35. Rd1 Qe4 36. Rb6 Qxh4 37. Nxh4 a5 38. Nf5 d5 39. Nxh6+ Kf8 40. Nf5 Ra8 41. Nd6 Rc7 42. Nb5 Rd7 43. g4 a4 44. Rd3 Ne4 45. f3 Nc5 46. Ra3 Rb7 47. Rxb7 Nxb7 48. Kf2 Ra5 49. Nc3 d4 50. exd4 exd4 51. Ne4 Nd8 52. Ke2 Ne6 53. Kd3 Nc7 54. Kc4 Ke7 55. Kb4 Ra8 56. Rxa4 Nd5+ 57. Kb3 Rxa4 58. Kxa4 Ke6 59. Kb3 Ke5 60. Kc4 Nf4 61. h4 Ng2 62. h5 Nh4 63. Nd2 f6 64. Kc5 Kf4 65. Kxd4 Nxf3+ 66. Nxf3 Kxf3 67. g5 fxg5 68. Ke5 Kg4 69. Ke4 Kxh5 70. Kf3 Kh4 71. Kf2 Kh3 72. Kg1 Kg3 73. Kh1 Kf2 74. Kh2 g4 0-1


[Site "https://www.chess.com"]

[Event "Titled Tuesday Blitz August 15 Early 2023"]
[White "Vachier-Lagrave, Maxime"]
[Black "Gritsenko, Nikolai"]
[WhiteFideId "623539"]
[BlackFideId "14112493"]
[WhiteElo "3126"]
[BlackElo "2744"]
[Result "1-0"]
[Round "5"]
[TimeControl "180+1"]
[Date "2023.08.15"]
[WhiteClock "0:00:10"]
[BlackClock "0:00:00"]
[Board "17"]

1. d4 d5 2. c4 Nc6 3. cxd5 Qxd5 4. e3 e5 5. Nc3 Bb4 6. Bd2 Bxc3 7. bxc3 Qd6 8. Bd3 Nge7 9. Ne2 O-O 10. O-O f5 11. f3 Be6 12. a4 Rad8 13. Bc1 f4 14. Ba3 Qd7 15. Qc2 fxe3 16. Bxh7+ Kh8 17. Rad1 Bf5 18. Bxf5 Qxf5 19. Qxf5 Rxf5 20. Ng3 exd4 21. Nxf5 Nxf5 22. Rfe1 d3 23. g4 e2 24. Rd2 Ne3 25. Bc1 Nc4 26. Ra2 N6a5 27. Bg5 Rd5 28. h4 Nb3 29. Kf2 Kh7 30. Bf4 c5 31. h5 a6 32. g5 g6 33. h6 Rd7 34. Kg3 Nba5 35. Raxe2 dxe2 36. Rxe2 b5 37. axb5 axb5 38. Re8 b4 39. cxb4 cxb4 40. Be5 Nxe5 41. Rxe5 Nc6 42. Rb5 Rc7 43. Kg4 Rc8 44. f4 Rb8 45. Rc5 Nd8 46. Rc7+ Kh8 47. f5 gxf5+ 48. Kh5 f4 49. h7 Ne6 50. Rf7 b3 51. g6 1-0


[Site "https://www.chess.com"]

[Event "Titled Tuesday Blitz August 15 Early 2023"]
[White "Brodowski, Piotr"]
[Black "Lazavik, Denis"]
[WhiteFideId "1124480"]
[BlackFideId "13515110"]
[WhiteElo "2742"]
[BlackElo "3045"]
[Result "0-1"]
[Round "5"]
[TimeControl "180+1"]
[Date "2023.08.15"]
[WhiteClock "0:00:09"]
[BlackClock "0:01:34"]
[Board "18"]

1. c4 Nf6 2. Nf3 e6 3. b3 b6 4. g3 Bb7 5. Bg2 Be7 6. Bb2 O-O 7. O-O c5 8. Nc3 d6 9. e3 Nbd7 10. Ne2 a6 11. d4 b5 12. Nf4 bxc4 13. bxc4 Qb6 14. Rb1 Be4 15. dxc5 Qxc5 16. Rc1 Rab8 17. Ba1 Qc7 18. Bh3 Nc5 19. Ng5 Ba8 20. Qc2 Nfe4 21. Nxe4 Bxe4 22. Qd2 Ba8 23. Nh5 e5 24. f4 Qc6 25. Qd5 Qxd5 26. cxd5 g6 27. fxe5 gxh5 28. exd6 Bxd6 29. Rf6 Be7 30. Rh6 Bg5 31. Rxh5 Bxe3+ 32. Kf1 Bxc1 33. Bf5 f6 34. Bxh7+ Kg7 35. Bc2 Rh8 36. Rf5 Nd7 0-1


[Site "https://www.chess.com"]

[Event "Titled Tuesday Blitz August 15 Early 2023"]
[White "Weetik, Vjacheslav"]
[Black "Duda, Jan-Krzysztof"]
[WhiteFideId "4153472"]
[BlackFideId "1170546"]
[WhiteElo "2740"]
[BlackElo "3034"]
[Result "0-1"]
[Round "5"]
[TimeControl "180+1"]
[Date "2023.08.15"]
[WhiteClock "0:00:29"]
[BlackClock "0:01:07"]
[Board "19"]

1. d4 Nf6 2. c4 g6 3. Nc3 Bg7 4. e4 d6 5. Nf3 O-O 6. Be2 e5 7. O-O Bg4 8. Be3 Bxf3 9. Bxf3 exd4 10. Bxd4 Nc6 11. Be3 Re8 12. Rc1 Nd7 13. Be2 Bxc3 14. Rxc3 Rxe4 15. Bf3 Re8 16. c5 Nde5 17. cxd6 Nxf3+ 18. Qxf3 Qxd6 19. Rd1 Qe6 20. h4 h5 21. Rb3 b6 22. Rc3 Ne5 23. Qb7 c5 24. f3 Qc6 25. Qxc6 Nxc6 26. Rd6 Rac8 27. Bg5 Nd4 28. Ra3 Nb5 29. Rad3 c4 30. R3d5 Nxd6 31. Rxd6 c3 32. bxc3 Rxc3 33. Rd7 Ra3 34. Bf6 Rxa2 0-1


[Site "https://www.chess.com"]

[Event "Titled Tuesday Blitz August 15 Early 2023"]
[White "Indjic, Aleksandar"]
[Black "Dimitrov, Atanas"]
[WhiteFideId "911925"]
[BlackFideId "2901315"]
[WhiteElo "3021"]
[BlackElo "2727"]
[Result "1/2-1/2"]
[Round "5"]
[TimeControl "180+1"]
[Date "2023.08.15"]
[WhiteClock "0:00:57"]
[BlackClock "0:00:15"]
[Board "20"]

1. e4 c5 2. Nf3 d6 3. d4 cxd4 4. Nxd4 Nf6 5. Nc3 g6 6. Bc4 Bg7 7. Bb3 Nc6 8. Nxc6 bxc6 9. O-O O-O 10. Re1 Qc7 11. Bg5 h6 12. Bh4 Rb8 13. Qd2 Kh7 14. f3 Bb7 15. Bf2 c5 16. Bc4 Bc6 17. Rab1 Nd7 18. Bf1 Ne5 19. Nd5 Qb7 20. c4 Rfd8 21. b3 e6 22. Nc3 Qe7 23. Kh1 g5 24. Rbc1 Ng6 25. Ne2 Rbc8 26. Ng3 Be5 27. Nh5 Nf4 28. Nxf4 Bxf4 29. Be3 Be5 30. f4 gxf4 31. Bxf4 Qf6 32. g3 Bxf4 33. Qxf4 Qxf4 34. gxf4 f5 35. Bg2 Re8 36. Rc2 Rcd8 37. exf5 Bxg2+ 38. Kxg2 exf5 39. Rce2 Rxe2+ 40. Rxe2 Rd7 41. Kf3 Kg7 42. Re6 d5 43. cxd5 Rxd5 44. Re7+ Kg6 45. Rxa7 Rd3+ 46. Kg2 Rd2+ 47. Kg3 Rd3+ 48. Kh4 Rf3 49. Ra4 Kf6 50. Rc4 Rf2 51. h3 Rxa2 52. Rxc5 Rb2 53. Rc6+ Kg7 54. Rb6 Rf2 55. Kg3 Rc2 56. h4 Rc3+ 57. Kf2 Rh3 58. b4 Rxh4 59. Ke3 Rh1 60. Kd4 Re1 61. Kd5 Re4 62. Rb7+ Kg6 63. Rb8 Rxf4 64. b5 Rb4 65. b6 f4 66. b7 Kg7 67. Kc6 f3 68. Ra8 f2 69. Ra1 Rc4+ 70. Kd7 Rd4+ 71. Kc7 Rc4+ 72. Kb6 Rb4+ 73. Kc6 Rc4+ 74. Kb5 Rc2 75. Rf1 Kg6 76. Kb6 Rb2+ 77. Kc7 Rc2+ 78. Kd7 Rd2+ 79. Kc8 Rc2+ 80. Kd8 Rd2+ 81. Kc7 Rc2+ 82. Kb6 Rb2+ 83. Ka7 Ra2+ 84. Kb6 Rb2+ 1/2-1/2


[Site "https://www.chess.com"]

[Event "Titled Tuesday Blitz August 15 Early 2023"]
[White "Paravyan, David"]
[Black "Wong, Yinn Long"]
[WhiteFideId "4194985"]
[BlackFideId "5707684"]
[WhiteElo "2999"]
[BlackElo "2726"]
[Result "1-0"]
[Round "5"]
[TimeControl "180+1"]
[Date "2023.08.15"]
[WhiteClock "0:02:10"]
[BlackClock "0:00:09"]
[Board "21"]

1. e4 e6 2. d4 d5 3. Nd2 h6 4. Ngf3 Nf6 5. e5 Nfd7 6. Bd3 c5 7. c3 Nc6 8. O-O g5 9. h3 h5 10. Re1 g4 11. Nh2 gxh3 12. Ndf3 Rg8 13. g3 h4 14. g4 b6 15. a3 a5 16. Qe2 a4 17. Kh1 Na5 18. Bf4 Be7 19. g5 Bb7 20. Rg1 Qc7 21. g6 O-O-O 22. gxf7 Rgf8 23. Rg7 Nb3 24. Rag1 Kb8 25. Ng4 cxd4 26. cxd4 Rh8 27. Kh2 Rdf8 28. Qe3 Ka7 29. Bb5 Bc6 30. Bf1 Bb7 31. Bxh3 Qc2 32. Bg5 Bxg5 33. Nxg5 Qf5 34. Nf6 1-0


[Site "https://www.chess.com"]

[Event "Titled Tuesday Blitz August 15 Early 2023"]
[White "Drygalov, Sergey"]
[Black "Bryakin, Mikhail"]
[WhiteFideId "24171743"]
[BlackFideId "4165314"]
[WhiteElo "2995"]
[BlackElo "2722"]
[Result "1-0"]
[Round "5"]
[TimeControl "180+1"]
[Date "2023.08.15"]
[WhiteClock "0:00:49"]
[BlackClock "0:00:00"]
[Board "22"]

1. d4 e6 2. c4 f5 3. Nf3 Nf6 4. g3 Be7 5. Bg2 O-O 6. O-O d6 7. Nc3 Qe8 8. Qc2 Qg6 9. Re1 Ne4 10. Be3 Nxc3 11. Qxc3 Bf6 12. c5 Nc6 13. Qa3 Rd8 14. Rad1 d5 15. Bf4 Qf7 16. b4 b5 17. cxb6 cxb6 18. e3 a5 19. b5 Na7 20. Qb2 Bd7 21. a4 Be8 22. Rc1 Rac8 23. h4 Rxc1 24. Rxc1 Rc8 25. Rxc8 Nxc8 26. Qc2 Qb7 27. Ne5 Nd6 28. Ng4 Be7 29. Ne5 Qc8 30. Nc6 Kf8 31. Bf1 Ne4 32. f3 Nf6 33. Be5 Nd7 34. Bf4 Nf6 35. Bd3 Bd7 36. Nxe7 Kxe7 37. Qxc8 Bxc8 38. Bc7 Nd7 39. g4 g6 40. Kf2 Kf6 41. Kg3 h6 42. e4 Bb7 43. exf5 exf5 44. gxf5 g5 45. hxg5+ hxg5 46. f4 gxf4+ 47. Kxf4 Bc8 48. Be2 Bb7 49. Bh5 Bc8 50. Be8 Ke7 51. Bg6 Kf6 52. Bh7 Kg7 53. Bg6 Kf6 54. Be5+ Ke7 55. Kg5 Kf8 56. Bd6+ Kg7 57. f6+ Kg8 58. Be7 Nf8 59. f7+ 1-0


[Site "https://www.chess.com"]

[Event "Titled Tuesday Blitz August 15 Early 2023"]
[White "Lamaze, Simon"]
[Black "Svane, Rasmus"]
[WhiteFideId "36069264"]
[BlackFideId "4657101"]
[WhiteElo "2722"]
[BlackElo "2985"]
[Result "0-1"]
[Round "5"]
[TimeControl "180+1"]
[Date "2023.08.15"]
[WhiteClock "0:00:11"]
[BlackClock "0:00:41"]
[Board "23"]

1. c4 e6 2. Nf3 d5 3. d4 a6 4. g3 dxc4 5. Bg2 b5 6. Ne5 c6 7. O-O Bb7 8. a4 Nf6 9. b3 cxb3 10. Qxb3 Be7 11. Rd1 O-O 12. Nc3 Qc8 13. Ba3 Bxa3 14. Qxa3 Nbd7 15. Nd3 a5 16. Qd6 b4 17. Ne4 Nxe4 18. Bxe4 Rd8 19. Bf3 Nf6 20. Qe5 Qb8 21. Nc5 Nd7 22. Qxb8 Raxb8 23. Nb3 Ra8 24. Rac1 Rdc8 25. e4 c5 26. dxc5 Bc6 27. Ra1 Kf8 28. Be2 Ke7 29. f3 Rc7 30. Kf2 Bb7 31. Rac1 Ba6 32. Bxa6 Rxa6 33. Rc2 Nb6 34. Ra1 Nc8 35. Ke3 Rd7 36. Rd1 Rxd1 0-1


[Site "https://www.chess.com"]